 Dungeon Sprint DCSS version 0.29-a0-668-g12ee2bf84d (webtiles) character file.

Game seed: 6611296529051942708

6286 shadowstone the Peltast (level 10, -11/70 HPs)
             Began as a Gargoyle Fighter on June 23, 2022.
             Mangled by a rockslime (15 damage)
             ... in the Dungeon (Sprint V: "Ziggurat Sprint").
             The game lasted 00:20:17 (1969 turns).

shadowstone the Peltast (Gargoyle Fighter)          Turns: 1969, Time: 00:20:18

Health: -11/70     AC: 39    Str: 35    XL:     10   Next: 94%
Magic:  10/10      EV:  3    Int: 10    God:
Gold:   0          SH: 31    Dex: 12    Spells: 9/9 levels left

rFire   . . .      SeeInvis +   F - +14 obsidian axe {vorpal, Mesm Drain Fly SInv}
rCold   . . .      Faith    .   E - +18 shield of the Gong {rElec rN+ Will+ EV-5}
rNeg    + + .      Spirit   .   D - +15 Maxwell's patent armour {-Cast -Tele rElec Will+ rCorr}
rPois   ∞          Reflect  .   (no helmet)
rElec   +          Harm     .   (no cloak)
rCorr   +          Rampage  .   I - +1 pair of gloves {Dex+3}
Will    ++...      NoTele   +   (no boots)
Stlth   .......... NoCast   +   (no amulet)
HPRegen 0.21/turn               x - +6 ring of strength
MPRegen 0.12/turn               w - +6 ring of strength

@: flying, mesmerised, invisible
A: sickness immunity, AC +7, negative energy resistance 1, electricity
resistance, torment resistance 1, petrification resistance
a: no special abilities


You were in the Dungeon.
You visited 1 branch

Inventory:

Hand Weapons
 C - the +9 sword of Zonguldrok {reap}
   (You found it in the Dungeon)

   Any living foe damaged by it may be reanimated upon death as a zombie
   friendly to the wielder, with an increasing chance as more damage is dealt.
 F - the +14 obsidian axe (weapon) {vorpal, Mesm Drain Fly SInv}
   (You found it in the Dungeon)

   It inflicts extra damage upon your enemies.
   It occasionally summons demons to assist the wielder when it strikes in
   combat.
   Its wielder is mesmerised by any visible foes.
   It cannot be unequipped while any foes are visible.
   SInv:      It lets you see invisible.
   Fly:       It grants you flight.
   Drain:     It drains your maximum health when unequipped.
 M - a +0 spectral quarterstaff
 O - a +4 morningstar of protection
Missiles
 Q - 2 throwing nets (quivered)
Armour
 a - a +0 scale mail
 b - a +0 buckler
 D - the +15 Maxwell's patent armour (worn) {-Cast -Tele rElec Will+ rCorr}
   (You found it in the Dungeon)

   rElec:     It insulates you from electricity.
   -Cast:     It prevents spellcasting.
   -Tele:     It prevents most forms of teleportation.
   rCorr:     It protects you from acid and corrosion.
   Will:      It increases your willpower.
 E - the +18 shield of the Gong (worn) {rElec rN+ Will+ EV-5}
   (You found it in the Dungeon)

   It is deafeningly noisy when blocking attacks.
   EV:        It affects your evasion (-5).
   rElec:     It insulates you from electricity.
   rN:        It protects you from negative energy.
   Will:      It increases your willpower.
 I - a +1 pair of gloves of dexterity (worn)
 Z - the +4 skin of Zhor {*Englaciate rC+++ SInv}
   (You found it in the Dungeon)

   It radiates cold, occasionally slowing all nearby creatures who are not
   resistant to cold.
   rC:        It renders you almost immune to cold.
   SInv:      It lets you see invisible.
Magical Staves
 H - a staff of death
Jewellery
 r - a ring of flight
 s - a +6 ring of dexterity
 t - a +6 ring of dexterity
 u - a +6 ring of intelligence
 v - a +6 ring of intelligence
 w - a +6 ring of strength (right hand)
 x - a +6 ring of strength (left hand)
 J - a +4 ring of evasion
 R - a ring of fire
 T - a ring of protection from cold
 X - an amulet of the acrobat
 Y - an amulet of faith
Wands
 z - a wand of mindburst (7)
 A - a wand of iceblast (7)
 B - a wand of quicksilver (7)
Scrolls
 i - 4 scrolls of blinking
 n - 4 scrolls of amnesia
 o - 7 scrolls of fog
 p - 5 scrolls of identify
 q - 2 scrolls of fear
Potions
 c - 5 potions of might
 d - 10 potions of curing
 e - 5 potions of heal wounds
 f - 6 potions of haste
 g - 7 potions of magic
 h - 3 potions of berserk rage
 j - 2 potions of brilliance
 k - a potion of invisibility
 l - 4 potions of resistance
 m - a potion of experience
Miscellaneous
 y - a tin of tremorstones (1/2)
 G - a condenser vane (inert)
 K - a condenser vane (inert)
 L - a phial of floods
 N - a phantom mirror
 P - a lightning rod (4/4)
 S - a piece from Xom's chessboard (15/15)
 U - a condenser vane (inert)
 V - a tin of tremorstones (1/2)
 W - a box of beasts (inert)


   Skills:
 + Level 11.3 Fighting
 + Level 14.5 Axes
 + Level 10.8 Armour
 + Level 1.9 Dodging
 + Level 4.4 Stealth
 + Level 15.4 Shields
 + Level 3.4 Unarmed Combat
 + Level 2.2 Evocations


You had 9 spell levels left.
You didn't know any spells.
Your spell library contained the following spells:

 Spells                   Type           Power      Damage    Failure   Level
 Apportation              Tloc           0%         N/A       98%         1
 Necrotize                Necr           0%         1d4       98%         1
 Sting                    Tmut/Pois      0%         1d3       98%         1
 Summon Small Mammal      Summ           0%         N/A       98%         1
 Call Imp                 Summ           0%         N/A       99%         2
 Ensorcelled Hibernation  Hex/Ice        0%         N/A       99%         2
 Passwall                 Tmut/Erth      0%         N/A       99%         2
 Wereblood                Tmut           0%         N/A       99%         2
 Call Canine Familiar     Summ           0%         N/A       100%        3
 Dazzling Flash           Conj/Hex       0%         N/A       100%        3
 Ozocubu's Armour         Ice            0%         N/A       100%        3
 Swiftness                Air            0%         N/A       100%        3
 Summon Lightning Spire   Summ/Air       0%         N/A       100%        4
 Agony                    Necr           0%         N/A       100%        5
 Silence                  Hex/Air        0%         N/A       100%        5
 Summon Forest            Summ/Tloc      0%         N/A       100%        5
 Eringya's Noxious Bog    Tmut/Pois      0%         N/A       100%        6
 Ozocubu's Refrigeration  Ice            0%         4d5       100%        7
 Statue Form              Tmut/Erth      Unusable   N/A       N/A         6

Dungeon Overview and Level Annotations

Branches:
Dungeon (1/1)

Altars:
Ashenzari
Cheibriados
Dithmenos
Elyvilon
Fedhas
Gozag
Hepliaklqana
Kikubaaqudgha
Makhleb
Nemelex Xobeh
Okawaru
Qazlal
Ru
Sif Muna
Trog
Uskayaw
Vehumet
Wu Jian
Xom
Yredelemnul
Zin
The Shining One
Beogh
Jiyva
Lugonu

Annotations:
D 1 transporter


Innate Abilities, Weirdness & Mutations

You are immune to sickness and miasma.
Your stone body is resilient. (AC +7)
You are immune to poison.
You resist negative energy. (rN+)
You are resistant to electric shocks. (rElec)
You are resistant to unholy torment.
You are immune to petrification.


Message History

GONNNNG!
The rockslime hits you!
* * * LOW HITPOINT WARNING * * *
You hold your ground!
Aim the phial where?
Press: ? - help, Shift-Dir - straight line
Okay, then.
There are monsters nearby!
You hit the rockslime but do no damage.
The rockslime is moderately wounded.
You barely miss the rockslime. You hit the rockslime but do no damage.
You slice the slime creature!!
The slime creature hits you but does no damage.
You block the rockslime's attack.
GONNNNG!
You block the rockslime's attack.
BONNNG!
The rockslime hits you!
* * * LOW HITPOINT WARNING * * *
You hold your ground!
You fade into invisibility!
Visions of slaying the rockslime flood into your mind.
You block the slime creature's attack.
GONNNNG!
You block the rockslime's attack.
PTOANNNG!
The rockslime hits you but does no damage.
You block the rockslime's attack.
GONNNNG!
You slash the rockslime!
The rockslime is heavily wounded.
You hit the rockslime but do no damage. You open a gate to Pandemonium!
A demon appears!
You slash the slime creature! You slash the rockslime!
You open a gate to Pandemonium!
A demon appears!
You block the rockslime's attack.
GONNNNG!
You block the slime creature's attack.
PTOANNNG!
The rockslime hits you!
You die...

▓..):))[..▓..}}[)...▓
▓..:"?:|..▓.....||..▓
▓.§§§.....▓.........▓
▓.○§.☼....▓....).†..▓
▓.§.§§§...▓...).)...▓
▓.§§°§§...▓.....)...▓
▓..JJ.3...▓.▓..)..▓.▓
▓.▓JJJJ.▓.▓....©....▓
▓.4§@J§...▓▓▓▓▓▓▓▓▓▓▓
▓▓▓▓▓▓▓▓▓▓▓


You could see an acid blob, 2 slime creatures, 4 rockslimes, a friendly hellwing
(summoned) and a friendly ynoxinul (summoned).

Vanquished Creatures
  2 spriggan druids (D)
  2 wolf spiders (D)
  A cane toad (D)
  2 merfolk (D)
  2 wind drakes (D)
  2 tarantellas (D)
  2 jumping spiders (D)
  3 spriggans (D)
  A hog (shapeshifter) (D)
  A yak (D)
  A naga (shapeshifter) (D)
  2 water moccasins (D)
  2 black bears (D)
  3 hell hounds (D)
  A sky beast (shapeshifter) (D)
  2 wolves (D)
  3 centaurs (D)
  A bullfrog (D)
  2 scorpions (D)
  A scorpion (shapeshifter) (D)
  A crimson imp (D)
  2 jellies (D)
  An iron imp (D)
  An orc wizard (D)
  3 adders (D)
  A river rat (D)
  An adder zombie (D)
  An adder skeleton (D)
  2 orcs (D)
  2 ball pythons (D)
  A bat skeleton (D)
  2 jackals (D)
  A jackal skeleton (D)
  A quokka zombie (D)
56 creatures vanquished.

Vanquished Creatures (collateral kills)
  A slime creature (D)
1 creature vanquished.

Grand Total: 57 creatures vanquished

Notes
Turn   | Place    | Note
-------+----------+-------------------------------------------
     0 | D        | shadowstone the Gargoyle Fighter began the quest for the
                  | Orb.
     0 | D        | Reached XP level 1. HP: 14/14 MP: 1/1
     0 | D        | Found a blossoming altar of Fedhas.
     0 | D        | Found the +6 Majin-Bo {vamp, MP+6 Int+6}
     0 | D        | Found the +9 heavy crossbow "Sniper" {vorpal, Acc+∞ SInv}
     0 | D        | Found the +10 dark maul {vorpal}
     0 | D        | Found the +15 Maxwell's patent armour {-Cast -Tele rElec
                  | Will+ rCorr}
     0 | D        | Found the +18 shield of the Gong {rElec rN+ Will+ EV-5}
     0 | D        | Found the +14 obsidian axe {vorpal, Mesm Drain Fly SInv}
     0 | D        | Found the +7 great mace "Firestarter" {inner flame, rF++}
     0 | D        | Found the +6 shillelagh "Devastator" {shatter}
     0 | D        | Found the +11 plutonium sword {Contam Stlth-}
     0 | D        | Found the +8 lance "Wyrmbane" {slay drac, rPois rF+ rC+
                  | AC+3}
     0 | D        | Found the +9 sword of Zonguldrok {reap}
     0 | D        | Found the +13 scythe of Curses {drain, Drain}
     0 | D        | Found the +5 sword of Power {vorpal}
     0 | D        | Found the +7 mace of Variability {chain chaos}
     0 | D        | Found the +7 Singing Sword {vorpal, sonic wave}
     0 | D        | Found the +8 storm bow {elec, penet}
     1 | D        | Found a shimmering blue altar of Sif Muna.
     1 | D        | Found a sacrificial altar of Ru.
     1 | D        | Found a bloodstained altar of Trog.
     1 | D        | Found a stormy altar of Qazlal.
     1 | D        | Found an iron altar of Okawaru.
     1 | D        | Found a sparkling altar of Nemelex Xobeh.
     7 | D        | Found a transporter.
     7 | D        | Found an ancient bone altar of Kikubaaqudgha.
     7 | D        | Found a viscous altar of Jiyva.
     7 | D        | Found a corrupted altar of Lugonu.
     7 | D        | Found a hazy altar of Hepliaklqana.
     7 | D        | Found a burning altar of Makhleb.
     7 | D        | Found an opulent altar of Gozag.
   148 | D        | Entered arena 2.
   148 | D        | Found a transporter.
   150 | D        | Reached skill level 4 in Shields
   150 | D        | Reached XP level 2. HP: 20/20 MP: 2/2
   164 | D        | Entered arena 3.
   164 | D        | Found a transporter.
   171 | D        | Reached skill level 5 in Fighting
   171 | D        | Reached skill level 1 in Axes
   171 | D        | Reached skill level 5 in Armour
   171 | D        | Reached skill level 5 in Shields
   171 | D        | Reached XP level 3. HP: 26/26 MP: 3/3
   190 | D        | Entered arena 4.
   190 | D        | Noticed a scorpion
   190 | D        | Noticed a hog
   190 | D        | Noticed a naga
   190 | D        | Noticed a sky beast
   190 | D        | Found a transporter.
   195 | D        | Killed a sky beast
   195 | D        | Killed a scorpion
   196 | D        | Reached skill level 7 in Shields
   196 | D        | Reached XP level 4. HP: 32/32 MP: 4/4
   196 | D        | Reached XP level 5. HP: 37/37 MP: 5/5
   201 | D        | Killed a naga
   201 | D        | Killed a hog
   202 | D        | Reached skill level 9 in Shields
   202 | D        | Reached XP level 6. HP: 35/44 MP: 6/6
   202 | D        | Reached XP level 7. HP: 39/49 MP: 7/7
   231 | D        | Entered arena 5.
   231 | D        | Found a transporter.
   257 | D        | Got the Papyrus of Changing
   267 | D        | Entered arena 6.
   267 | D        | Found a transporter.
   270 | D        | Reached skill level 10 in Shields
   292 | D        | Entered arena 7.
   292 | D        | Noticed a yak
   292 | D        | Noticed a cane toad
   293 | D        | Found a transporter.
   299 | D        | Killed a cane toad
   300 | D        | Reached skill level 11 in Shields
   300 | D        | Reached XP level 8. HP: 43/56 MP: 8/8
   303 | D        | Killed a yak
   304 | D        | Reached skill level 10 in Axes
   328 | D        | Entered arena 8.
   329 | D        | Found a transporter.
  1148 | D        | Entered arena 9.
  1148 | D        | Noticed a wind drake
  1148 | D        | Noticed a merfolk
  1148 | D        | Noticed a merfolk
  1148 | D        | Noticed a wind drake
  1149 | D        | Found a transporter.
  1153 | D        | Reached skill level 12 in Shields
  1153 | D        | Reached XP level 9. HP: 31/61 MP: 9/9
  1153 | D        | Killed a wind drake
  1154 | D        | Killed a merfolk
  1155 | D        | Killed a wind drake
  1155 | D        | Killed a merfolk
  1156 | D        | Reached skill level 10 in Fighting
  1156 | D        | Reached skill level 13 in Shields
  1156 | D        | Reached skill level 1 in Evocations
  1742 | D        | Got the Reference Book on Supportive Stolen Souls
  1773 | D        | Entered arena 10.
  1773 | D        | Noticed a tarantella
  1773 | D        | Noticed a wolf spider
  1773 | D        | Noticed a wolf spider
  1773 | D        | Noticed a tarantella
  1774 | D        | Found a transporter.
  1777 | D        | Reached skill level 1 in Stealth
  1777 | D        | Killed a tarantella
  1778 | D        | Killed a tarantella
  1779 | D        | Reached skill level 1 in Dodging
  1779 | D        | Reached XP level 10. HP: 44/68 MP: 10/10
  1780 | D        | Killed a wolf spider
  1781 | D        | Reached skill level 10 in Armour
  1781 | D        | Reached skill level 14 in Shields
  1781 | D        | Killed a wolf spider
  1824 | D        | Entered arena 11.
  1824 | D        | Found the +4 skin of Zhor {*Englaciate rC+++ SInv}
  1824 | D        | Noticed a spriggan druid
  1824 | D        | Noticed a spriggan druid
  1825 | D        | Found a transporter.
  1829 | D        | Killed a spriggan druid
  1830 | D        | Killed a spriggan druid
  1831 | D        | Reached skill level 15 in Shields
  1951 | D        | Entered arena 12.
  1951 | D        | Noticed a rockslime
  1951 | D        | Noticed an acid blob
  1951 | D        | Noticed a rockslime
  1953 | D        | Noticed a rockslime
  1953 | D        | Noticed a rockslime
  1954 | D        | Found a transporter.
  1969 | D        | Mangled by a rockslime

Illustrated notes

Levels and vault maps discovered:
D:        sprint_v [room_start, room_1, room_2, room_3, room_4, room_5, room_6,
          room_7, room_8, room_9, room_10, room_11, room_12, room_13, room_14,
          room_15, room_16, room_17, room_18, room_19, room_20, room_21,
          room_22, room_23, room_24, room_25, room_26, room_27]

Skill      XL: |  1  2  3  4  5  6  7  8  9 10 |
---------------+-------------------------------+-----
Fighting       | 4 5 6 8 9 10 11 | 11.3
Armour         | 4 5 6 7 8 9 10 | 10.8
Shields        | 4 5 7 9 11 12 13 15 | 15.4
Axes           | 1 4 7 9 11 12 14 | 14.5
Unarmed Combat | 3 |  3.4
Evocations     | 1 2 |  2.2
Stealth        | 1 4 |  4.4
Dodging        | 1 |  1.9

Action                   |  1- 3 |  4- 6 |  7- 9 | 10-12 || total
-------------------------+-------+-------+-------+-------++-------
Melee: Broad axe         |     9 |     4 |    23 |    16 ||    52
Evoke: Condenser vane    |       |       |     3 |     2 ||     5
       Box of beasts     |       |       |       |     1 ||     1
       Tin of tremorston |       |       |       |     1 ||     1
  Use: Potion            |       |     2 |     1 |     4 ||     7
 Stab: Confused          |       |       |       |     3 ||     3
Armor: Plate armour      |    14 |     4 |    29 |    12 ||    59
Dodge: Dodged            |       |       |     3 |     1 ||     4
Block: Kite shield       |    22 |     8 |    64 |    54 ||   148

Table legend: (Time is in decaauts)
 A = Elapsed time spent in this place.
 B = Non-inter-level travel time spent in this place.
 C = Inter-level travel time spent in this place.
 D = Time resting spent in this place.
 E = Time spent auto-exploring this place.
 F = Levels seen in this place.
 G = Mean time per level.
                   A        B        C        D        E       F      G
               +--------+--------+--------+--------+--------+-----+--------+
         Total |   1979 |   1969 |     10 |   1356 |      0 |   1 | 1979.0 |
       Dungeon |   1979 |   1969 |     10 |   1356 |      0 |   1 | 1979.0 |
               +--------+--------+--------+--------+--------+-----+--------+

Top non-repeatable levels by time:
       D: 1979 daAuts
